 Dungeon Crawl Stone Soup version 0.21.1-1-g345015f (webtiles) character file.

242 inc the Nimble (level 5, 24/24 HPs)
             Began as a Felid Monk on June 14, 2018.
             Quit the game on level 4 of the Dungeon.
             The game lasted 00:04:02 (4857 turns).

inc the Nimble (Felid Monk)                         Turns: 4857, Time: 00:04:03

Health: 24/24      AC:  3    Str:  7    XL:     5   Next: 81%
Magic:  6/6        EV: 26    Int: 11    God:
Gold:   303        SH:  0    Dex: 21    Spells: 4/4 levels left
                                        Lives:  0   Deaths: 1

rFire    . . .     SeeInvis +     - Unarmed
rCold    . . .     Gourm    .   (shield unavailable)
rNeg     . . .     Faith    .   (armour unavailable)
rPois    .         Spirit   .   (helmet unavailable)
rElec    .         Reflect  .   (cloak unavailable)
rCorr    .         Harm     .   (gloves unavailable)
MR       .....                  (boots unavailable)
Stlth    +++.......             (no amulet)
HPRegen  0.08/turn              (no ring)
MPRegen  0.10/turn              (no ring)

@: quick
A: very small, no armour, no weapons or thrown items, stealth, claws 1, fangs 3,
rugged brown scales 1, see invisible, carnivore, speed 1, shaggy fur 2, slow
metabolism 1, wild magic 1, sharp paws
a: no special abilities


You were on level 4 of the Dungeon.
You were not hungry.

You visited 1 branch of the dungeon, and saw 4 of its levels.

You collected 303 gold pieces.

Inventory:

Jewellery
 e - an uncursed ring of fire {unknown}
Scrolls
 b - 3 scrolls of fog {unknown}
 c - 2 scrolls of enchant weapon {unknown}
 g - 2 scrolls of remove curse {unknown}
 h - 3 scrolls of identify {unknown}
 j - 2 scrolls of teleportation {unknown}
 l - 2 scrolls of fear {unknown}
 m - a scroll of immolation {unknown}
Potions
 d - a potion of heal wounds {unknown}
 f - a potion of invisibility {unknown}
 i - a potion of cancellation {unknown}
Comestibles
 a - 7 rations


   Skills:
 - Level 3.0 Fighting
 - Level 9.1 Dodging
 - Level 2.6 Stealth
 + Level 4.6 Unarmed Combat


You had 4 spell levels left.
You didn't know any spells.

Dungeon Overview and Level Annotations

Branches:
Dungeon (4/15)
 Temple: D:4-7

Altars:
Ashenzari
Nemelex Xobeh
Trog

Annotations:
D:4 Grinder


Innate Abilities, Weirdness & Mutations

You cannot wear armour.
You are incapable of wielding weapons or throwing items.
Your paws allow you to move quietly. (Stealth)
You have sharp claws.
You have razor-sharp teeth.
You have supernaturally acute eyesight. (SInv)
You are carnivorous and can eat meat at any time.
You cover ground quickly.
You are covered in thick fur. (AC +2)
You have a slow metabolism.
Your sharp claws are effective at attacking unaware monsters.
You are partially covered in rugged brown scales. (AC +1, +3% HP)
Your spells are a little harder to cast, but a little more powerful.


Message History

Grinder hits you. The quokka misses you.
You scratch Grinder but do no damage.
Grinder is moderately wounded.
Grinder barely misses you. The quokka completely misses you.
Grinder completely misses you.
You scratch Grinder but do no damage. You bite Grinder, but do no damage.
Grinder is moderately wounded.
Grinder gestures at you. Pain shoots through your body!
* * * LOW HITPOINT WARNING * * *
The quokka barely misses you.
You scratch Grinder.
Grinder is moderately wounded.
Grinder says, "What is the universe for?"
Grinder hits you!
You die...
You writhe in agony.
The quokka closely misses you.
You are now level 5!
You rejoin the land of the living...
Are you sure you want to abandon this character and quit the game? (Confirm with "yes".)

#.#.##### #.#....
#.#.....# #....##
##+#...#.# ####.#
#......# #.# #......#
### #......# #......#
#.†....+ #@†....#
#..†...#####
####..........#
#.............#
#.....<.......#######
#.............#......
##.........#####......
#.........## ......
#.........# #......


There were no monsters in sight!

Vanquished Creatures
  An ogre (D:4)
  A centaur (D:2)
  A hound (D:4)
  Natasha (thrice) (D:3)
  2 orc wizards (D:3)
  5 adders
  4 worms
  A dart slug (D:2)
  2 leopard geckos
  3 orcs (D:3)
  7 giant cockroaches
  7 goblins
  9 hobgoblins
  17 jackals
  A quokka (D:4)
  A ball python (D:1)
  10 bats
  6 frilled lizards
  10 kobolds
  8 rats
99 creatures vanquished.

Notes
Turn   | Place    | Note
-------+----------+-------------------------------------------
     0 | D:1      | inc the Felid Monk began the quest for the Orb.
     0 | D:1      | Reached XP level 1. HP: 10/10 MP: 2/2
   157 | D:1      | Reached XP level 2. HP: 14/14 MP: 3/3
   233 | D:1      | Reached skill level 5 in Dodging
  1117 | D:1      | Reached XP level 3. HP: 17/17 MP: 4/4
  1302 | D:2      | Reached skill level 6 in Dodging
  1556 | D:2      | Found a shattered altar of Ashenzari.
  1761 | D:2      | Found a bloodstained altar of Trog.
  1953 | D:2      | Reached XP level 4. HP: 14/21 MP: 5/5
  2147 | D:2      | Noticed a centaur
  2160 | D:2      | Killed a centaur
  2160 | D:2      | Reached skill level 7 in Dodging
  2160 | D:2      | Reached XP level 5. HP: 13/24 MP: 6/6
  2628 | D:3      | Reached skill level 8 in Dodging
  2859 | D:3      | Noticed Natasha
  2868 | D:3      | Killed Natasha
  2969 | D:3      | HP: 1/24 [orc wizard/dagger (4)]
  2970 | D:3      | Gained mutation: You are partially covered in rugged brown scales. (AC +1, +3% HP) [potion of mutation]
  2970 | D:3      | Gained mutation: Your spells are a little harder to cast, but a little more powerful. [potion of mutation]
  3238 | D:3      | Noticed Natasha
  3258 | D:3      | Killed Natasha
  3258 | D:3      | Reached skill level 9 in Dodging
  3258 | D:3      | Gained mutation: You are covered in thick fur. (AC +2) [Felid growth]
  3258 | D:3      | Reached XP level 6. HP: 5/28 MP: 7/7
  3910 | D:3      | Noticed Natasha
  3925 | D:3      | Killed Natasha
  4748 | D:4      | Found a sparkling altar of Nemelex Xobeh.
  4844 | D:4      | Noticed Grinder
  4856 | D:4      | Slain by Grinder
  4857 | D:4      | Reached XP level 5. HP: 0/24 MP: 6/6
  4857 | D:4      | Quit the game

Skill      XL: |  1  2  3  4  5  6 |
---------------+-------------------+-----
Dodging        | 5 6 7 9 |  9.1
Unarmed Combat | 4 |  4.6
Fighting       | |  3.0
Stealth        | |  2.6

Action                   |  1- 3 |  4- 6 || total
-------------------------+-------+-------++-------
Melee: Unarmed           |   141 |   250 ||   391
       Bite              |    15 |    26 ||    41
       Punch             |       |     2 ||     2
  Use: Potion            |       |     4 ||     4
 Stab: Sleeping          |    10 |     8 ||    18
       Distracted        |     1 |     2 ||     3
  Eat: Chunk             |     2 |     8 ||    10
Armor: Skin              |     2 |    22 ||    24
Dodge: Dodged            |   141 |   211 ||   352
